 Dungeon Crawl Stone Soup version 0.23.2-1-ga50397a (webtiles) character file.

Game seed: 1426625462051497568

658 Nulkur the Reanimator (level 7, -3/46 HPs)
             Began as a Mummy Necromancer on May 5, 2019.
             Killed from afar by an orc wizard (6 damage)
             ... with a magic dart
             ... on level 5 of the Dungeon.
             The game lasted 00:13:51 (5206 turns).

Nulkur the Reanimator (Mummy Necromancer)           Turns: 5206, Time: 00:13:52

Health: -3/46      AC:  4    Str: 12    XL:     7   Next: 30%
Magic:  1/11       EV: 12    Int: 16    God:
Gold:   159        SH:  4    Dex: 12    Spells: 2/11 levels left

rFire    x . .     SeeInvis .   (no weapon)
rCold    + . .     Gourm    .   c - +0 buckler
rNeg     + + +     Faith    .   g - +2 robe {MR+}
rPois    ∞         Spirit   .   (no helmet)
rElec    .         Reflect  .   (no cloak)
rCorr    .         Harm     .   (no gloves)
MR       +....                  (no boots)
Stlth    ++........             (no amulet)
HPRegen  0.15/turn              (no ring)
MPRegen  0.12/turn              (no ring)

@: no status effects
A: no food or potions, fire vulnerability, cold resistance 1, negative energy
resistance 3, torment resistance, unbreathing
a: no special abilities


You were on level 5 of the Dungeon.
You were not hungry.

You visited 1 branch of the dungeon, and saw 5 of its levels.

You collected 159 gold pieces.

Inventory:

Armour
 a - a +0 robe
 c - a +0 buckler (worn)
 g - a +2 robe of magic resistance (worn)
Scrolls
 b - a scroll of noise
 d - 3 scrolls of teleportation
 e - 2 scrolls of remove curse
 f - 2 scrolls of random uselessness


   Skills:
 - Level 1.7 Dodging
 - Level 1.5 Stealth
 - Level 2.0 Shields
 - Level 2.9 Spellcasting
 * Level 8.4 Necromancy


You had 2 spell levels left.
You knew the following spells:

 Your Spells              Type           Power        Failure   Level  Hunger
a - Pain                  Necr           ####         1%          1    N/A
b - Animate Skeleton      Necr           N/A          1%          1    N/A
c - Vampiric Draining     Necr           ####......   2%          3    N/A
d - Animate Dead          Necr           N/A          8%          4    N/A

Your spell library contained the following spells:

 Spells                   Type           Power        Failure   Level  Hunger
 Regeneration             Chrm/Necr      Unusable     N/A         3    N/A

Dungeon Overview and Level Annotations

Branches:
Dungeon (5/15)
 Temple: D:4-7

Altars:
Cheibriados
Elyvilon
Sif Muna

Annotations:
D:2 Sigmund


Innate Abilities, Weirdness & Mutations

You do not eat or drink.
Your flesh is vulnerable to fire.
You are immune to poison.
Your flesh is cold resistant. (rC+)
You are immune to negative energy. (rN+++)
You are immune to unholy pain and torment.
You can survive without breathing.


Message History

You hear some strange, mumbled words.
A magic dart appears from out of thin air!
The magic dart hits you.
You closely miss something.
You hear some strange, mumbled words.
A puff of frost appears from out of thin air!
The puff of frost hits you. You resist.
* * * LOW HITPOINT WARNING * * *
You hear some strange, mumbled words.
A magic dart appears from out of thin air!
The magic dart hits you.
* * * LOW HITPOINT WARNING * * *
Unknown command.
You miss something. Something hits you!
* * * LOW HITPOINT WARNING * * *
You closely miss something.
You hear some strange, mumbled words.
A magic dart appears from out of thin air!
The magic dart hits you.
You die...

##....####### # ..#........#
#### ..#..........# ....
.............# ...
.............## ..#.
............... ....
........!...... .......
........@{#
...!..##..#...###Z#########
..##........###.....#.....##
..##..#... .##.............##
..##....##..#...............#
####....... #...............#
####....# #.>.............#
.#......# #...............#
...#..### #...............#


You could see a friendly giant cockroach zombie.

Vanquished Creatures
  A water moccasin (D:3)
  An ogre (D:4)
  A centaur (D:5)
  A scorpion (D:4)
  2 orc wizards
  Terence (D:3)
  Natasha (twice) (D:2)
  2 worker ants (D:4)
  3 adders
  An ooze (D:4)
  An adder skeleton (D:4)
  4 dart slugs
  2 leopard geckos
  11 orcs
  7 bats
  6 giant cockroaches
  6 goblins
  12 hobgoblins
  8 jackals
  3 quokkas
  2 ball pythons
  9 frilled lizards
  3 kobolds
  9 rats
98 creatures vanquished.

Vanquished Creatures (collateral kills)
  A hound zombie (D:5)
  A shadow imp (D:5)
  A dart slug (D:1)
  A quokka (D:5)
4 creatures vanquished.

Grand Total: 102 creatures vanquished

Notes
Turn   | Place    | Note
-------+----------+-------------------------------------------
     0 | D:1      | Nulkur the Mummy Necromancer began the quest for the Orb.
     0 | D:1      | Reached XP level 1. HP: 13/13 MP: 4/4
    62 | D:1      | Learned a level 1 spell: Animate Skeleton
   150 | D:1      | Reached XP level 2. HP: 19/19 MP: 0/5
   385 | D:1      | Reached skill level 1 in Shields
  1032 | D:1      | Reached XP level 3. HP: 24/24 MP: 1/7
  1570 | D:2      | Noticed Natasha
  1576 | D:2      | Killed Natasha
  1576 | D:2      | Reached XP level 4. HP: 30/30 MP: 2/8
  1632 | D:2      | Noticed Sigmund
  1649 | D:3      | Noticed Terence
  1660 | D:3      | Killed Terence
  1660 | D:3      | Reached skill level 5 in Necromancy
  2081 | D:3      | You fall through a shaft!
  2146 | D:4      | Noticed an ogre
  2166 | D:4      | Killed an ogre
  2166 | D:4      | Reached skill level 6 in Necromancy
  2166 | D:4      | Reached XP level 5. HP: 4/35 MP: 0/9
  2595 | D:4      | Reached XP level 6. HP: 38/41 MP: 4/10
  2872 | D:2      | Noticed Natasha
  2885 | D:2      | Killed Natasha
  2885 | D:2      | Reached skill level 7 in Necromancy
  3258 | D:3      | Noticed a water moccasin
  3266 | D:3      | Killed a water moccasin
  4068 | D:4      | Learned a level 3 spell: Vampiric Draining
  4309 | D:4      | Found a snail-covered altar of Cheibriados.
  4309 | D:4      | Found a deep blue altar of Sif Muna.
  4310 | D:4      | Found a white marble altar of Elyvilon.
  4567 | D:4      | Reached XP level 7. HP: 31/46 MP: 0/11
  4690 | D:5      | Entered Level 5 of the Dungeon
  4776 | D:5      | Reached skill level 8 in Necromancy
  5053 | D:5      | Learned a level 4 spell: Animate Dead
  5206 | D:5      | Killed from afar by an orc wizard

Skill      XL: |  1  2  3  4  5  6  7 |
---------------+----------------------+-----
Shields        | 1 2 |  2.0
Necromancy     | 6 7 8 |  8.4
Dodging        | |  1.7
Stealth        | |  1.5
Spellcasting   | |  2.9

Action                   |  1- 3 |  4- 6 |  7- 9 || total
-------------------------+-------+-------+-------++-------
Melee: Unarmed           |     4 |    29 |    19 ||    52
 Cast: Pain              |    85 |   130 |    30 ||   245
       Animate Skeleton  |     7 |     2 |       ||     9
       Vampiric Draining |       |     2 |       ||     2
       Animate Dead      |       |       |     2 ||     2
  Use: Scroll            |       |     4 |       ||     4
Armor: Robe              |     6 |    11 |     5 ||    22
Dodge: Dodged            |    10 |    38 |    12 ||    60
Block: Buckler           |       |    14 |     4 ||    18
